 Dungeon Crawl Stone Soup version 0.21-a0-516-gaaff437 (webtiles) character file.

104 Laiders the Changer (level 4, 0/32 HPs)
             Began as a Merfolk Transmuter on Dec 3, 2017.
             Succumbed to an adder's poison
             ... on level 2 of the Dungeon.
             The game lasted 00:03:25 (2362 turns).

Laiders the Changer (Merfolk Transmuter)            Turns: 2362, Time: 00:03:26

Health: 0/32       AC:  2    Str: 15    XL:     4   Next: 80%
Magic:  7/7        EV: 13    Int: 13    God:
Gold:   128        SH:  0    Dex: 14    Spells: 1/7 levels left

rFire    . . .     SeeInvis .     - Unarmed
rCold    . . .     Gourm    .   (no shield)
rNeg     . . .     Faith    .   b - +0 robe
rPois    .         Spirit   .   (no helmet)
rElec    .         Reflect  .   (no cloak)
rCorr    .         Harm     .   (no gloves)
MR       .....                  (no boots)
Stlth    +.........             (no amulet)
HPRegen  0.10/turn              (no ring)
MPRegen  0.10/turn              (no ring)

@: mighty, lethally poisoned (0 -> -8), hasted, very quick
A: change form in water, swift swim, stealthy swim
a: no special abilities


You were on level 2 of the Dungeon.
You were not hungry.

You visited 1 branch of the dungeon, and saw 2 of its levels.

You collected 128 gold pieces.

Inventory:

Missiles
 a - 22 arrows
Armour
 b - a +0 robe (worn)
Scrolls
 e - a scroll of blinking {unknown}
 f - 4 scrolls of remove curse {unknown}
 j - 2 scrolls of teleportation {unknown}
 l - a scroll of fear {unknown}
 m - a scroll of identify {unknown}
 o - a scroll of random uselessness {unknown}
 p - a scroll of fog {unknown}
Potions
 g - a potion of might
 k - a potion of cancellation
Books
 c - a book of Changes

   Spells                             Type                      Level
   a - Beastly Appendage              Transmutation                1
   b - Sticks to Snakes               Transmutation                2
   c - Spider Form                    Transmutation/Poison         3
   d - Ice Form                       Ice/Transmutation            4
   e - Blade Hands                    Transmutation                5
Comestibles
 d - a bread ration
 h - a royal jelly
 n - 7 chunks of flesh


   Skills:
 - Level 1.1 Fighting
 - Level 2.6 Dodging
 + Level 4.7 Unarmed Combat
 - Level 2.0 Spellcasting
 + Level 4.9 Transmutations


You had one spell level left.
You knew the following spells:

 Your Spells              Type           Power        Failure   Level  Hunger
a - Beastly Appendage     Tmut           ##....       3%          1    ##.....
b - Sticks to Snakes      Tmut           ##......     4%          2    ###....
c - Spider Form           Tmut/Pois      #.........   28%         3    ####...


Dungeon Overview and Level Annotations

Branches:
Dungeon (2/15)

Altars:


Message History

* * * LOW HITPOINT WARNING * * *
You feel sick. The adder barely misses you.
It was a potion of might.
You feel very mighty all of a sudden.
* * * LOW HITPOINT WARNING * * *
You feel sick. The adder closely misses you.
It was a potion of haste.
You feel yourself speed up.
* * * LOW HITPOINT WARNING * * *
You feel sick. The adder misses you. The adder barely misses you.
You punch the adder!
You kill the adder!
* * * LOW HITPOINT WARNING * * *
You feel sick.
* * * LOW HITPOINT WARNING * * *
You feel sick.
* * * LOW HITPOINT WARNING * * *
You feel sick.
You see here 7 gold pieces.
You now have 128 gold pieces (gained 7).
You die...

#.##.##.##.# ...
#..........# ..
######...### #.. #.#
#...# ..##.# #...# #
# ..#.# #...# #
#.#.#.# #...# #
#.#.#.######.).#####
#..@................
###.................
#.................
#.....#######...#####
#.###.# #...# # ..
..# #...# ## ####
#...# #...#####
#........


There were no monsters in sight!

Vanquished Creatures
  5 adders (D:2)
  An ooze (D:1)
  2 ball pythons
  3 giant cockroaches
  8 hobgoblins
  4 bats
  2 frilled lizards (D:2)
  16 goblins
  4 kobolds
  A quokka skeleton (D:2)
  5 rats
  A plant (D:1)
52 creatures vanquished.

Notes
Turn   | Place    | Note
-------+----------+-------------------------------------------
     0 | D:1      | Laiders the Merfolk Transmuter began the quest for the Orb.
     0 | D:1      | Reached XP level 1. HP: 15/15 MP: 3/3
    47 | D:1      | Reached XP level 2. HP: 15/21 MP: 5/5
   538 | D:1      | Reached XP level 3. HP: 24/26 MP: 6/6
  1567 | D:2      | Reached XP level 4. HP: 10/32 MP: 7/7
  1814 | D:2      | Learned a level 2 spell: Sticks to Snakes
  1818 | D:2      | Learned a level 3 spell: Spider Form
  2360 | D:2      | HP: 1/32 [poisoned by an adder]
  2362 | D:2      | Succumbed to an adder's poison

Vault maps used:
D:1:      dpeg_arrival_tiny_h, serial_forest, infiniplex_forest_corner_1,
          infiniplex_forest_clump_C, infiniplex_forest_clump_small,
          infiniplex_forest_zigzag_1, infiniplex_forest_end_1,
          infiniplex_forest_lined_corner, infiniplex_forest_lined_2,
          infiniplex_forest_3_way, infiniplex_forest_clump_cross
D:2:      cheibrodos_greedy_goblins

Skill      XL: |  1  2  3 |
---------------+----------+-----
Transmutations | 3 4 |  4.9
Unarmed Combat | 4 |  4.7
Fighting       | |  1.1
Dodging        | |  2.6
Spellcasting   | |  2.0

Action                   |  1- 3 |  4- 6 || total
-------------------------+-------+-------++-------
Melee: Unarmed           |   147 |    86 ||   233
       Headbutt          |     5 |     2 ||     7
       Punch             |     4 |     2 ||     6
 Cast: Beastly Appendage |     4 |     3 ||     7
       Sticks to Snakes  |       |     2 ||     2
  Use: Potion            |       |     3 ||     3
  Eat: Chunk             |     2 |     3 ||     5
Armor: Robe              |    15 |     9 ||    24
Dodge: Dodged            |    76 |    56 ||   132

Table legend:
 A = Spawn XP
 B = Non-spawn XP
 C = Spawn XP percentage of total XP
 D = Spawn monster count
 E = Non-spawn monster count
 F = Spawn count percentage of total count
 G = Total turns spent on level
                    A         B        C        D         E        F      G
               +---------+---------+-------+---------+---------+-------+---------
         Total |       0 |     149 |   0.0 |       0 |      51 |   0.0 |  2362
               +---------+---------+-------+---------+---------+-------+---------
           D:1 |       0 |      41 |   0.0 |       0 |      21 |   0.0 |  1166
           D:2 |       0 |     108 |   0.0 |       0 |      30 |   0.0 |  1196
               +---------+---------+-------+---------+---------+-------+---------
